 Dungeon Crawl Stone Soup version 0.14.0-12-g87ee3b7 (webtiles) character file.

499885 HungrySpirit the Slayer (level 23, 0/355 HPs)
             Began as a Minotaur Gladiator on Apr 17, 2014.
             Was the Champion of Okawaru.
             Slain by a halberd of pain (7 damage)
             ... on Level 5 of the Vaults.
             The game lasted 02:33:46 (66022 turns).

HungrySpirit the Slayer (Minotaur Gladiator)       Turns: 66022, Time: 02:33:46

HP   0/355       AC 39     Str 35      XL: 23   Next: 98%
MP  31/35        EV 11     Int 14      God: Okawaru [******]
Gold 2560        SH  0     Dex 16      Spells:  0 memorised, 22 levels left

rFire  + + .     SeeInvis .     S - +7 executioner's axe (freeze)
rCold  + + .     Clarity  .     a - +0 gold dragon armour
rNeg   + . .     Conserve +     (no shield)
rPois  +         rCorr    +     m - +2 hat {Int+3}
rElec  .         rRot     .     U - +2 cloak {rCorr, Cons}
SustAb . .       Spirit   .     y - +2 pair of fencer's gloves {EV+3 Dex+3 Acc+8}
rMut   +         Warding  .     h - +1 pair of boots of Benevolence {rF+ rC+ Str+2 Int+3}
Saprov . . .     Stasis   .     Z - amulet of resist mutation
MR     +....                    x - ring "Etonk" {Hunger- Int+3 Dam+3}
                                O - ring of positive energy

@: about to teleport, berserking, very quick, somewhat resistant to hostile
enchantments, extremely unstealthy
A: retaliatory headbutt, horns 2, slow metabolism 1
a: Heroism, Finesse, Renounce Religion
}: 2/15 runes: decaying, serpentine


You were on level 5 of the Vaults.
You worshipped Okawaru.
Okawaru was exalted by your worship.
You were not hungry.

You visited 9 branches of the dungeon, and saw 49 of its levels.
You also visited: Bailey.

You collected 6484 gold pieces.
You spent 3924 gold pieces at shops.

Inventory:

Hand weapons
 S - a +7,+7 executioner's axe of freezing (weapon)
 X - a +7,+1 battleaxe of flaming
Missiles
 d - 13 throwing nets (quivered)
Armour
 a - a +0 gold dragon armour (worn)
 h - the +1 pair of boots of Benevolence (worn) {rF+ rC+ Str+2 Int+3}
   (You found it on level 2 of the Lair of Beasts)

   It affects your strength (+2).
   It affects your intelligence (+3).
   It protects you from fire.
   It protects you from cold.
 m - a +2 hat of intelligence (worn)
 y - the +2 pair of fencer's gloves (worn) {EV+3 Dex+3 Acc+8}
   (You bought it in a shop on level 1 of the Snake Pit)

   It affects your evasion (+3).
   It affects your dexterity (+3).
   It affects your accuracy with ranged weapons and melee attacks (+8).
 K - a +0 pair of boots of running
 U - a +2 cloak of preservation (worn)
Magical devices
 s - a wand of teleportation (2)
 z - a wand of teleportation (9)
 F - a wand of teleportation (5)
 J - a wand of heal wounds (9)
 M - a wand of disintegration (1)
Comestibles
 f - 20 bread rations
 j - an apple
 D - 2 royal jellies
Scrolls
 b - a scroll of summoning
 e - 5 scrolls of teleportation
 k - 2 scrolls of magic mapping
 n - 14 scrolls of remove curse
 o - 2 scrolls of recharging
 w - 10 scrolls of identify
 A - a scroll of noise
 R - 3 scrolls of fog
Jewellery
 l - an uncursed ring of protection from cold
 u - an uncursed ring of sustenance
 x - the ring "Etonk" (right hand) {Hunger- Int+3 Dam+3}
   (You found it on level 8 of the Dungeon)

   [ring of sustenance]

   It affects your intelligence (+3).
   It affects your damage with ranged weapons and melee attacks (+3).
 O - a ring of positive energy (left hand)
 Z - an amulet of resist mutation (around neck)
Potions
 c - 3 potions of lignification
 g - 6 potions of agility
 p - a potion of invisibility
 q - 18 potions of curing
 t - 4 potions of magic
 v - 3 potions of restore abilities
 G - a potion of resistance
 I - a potion of porridge
 P - 2 potions of might
Miscellaneous
 C - a phial of floods
 T - a fan of gales
 W - a lamp of fire


   Skills:
 - Level 26.2 Fighting
 - Level 26.0 Axes
 - Level 2.0 Throwing
 + Level 25.3 Armour
 - Level 3.2 Dodging
 - Level 6.0 Invocations
 + Level 15.7 Evocations


You had 22 spell levels left.
You didn't know any spells.

Dungeon Overview and Level Annotations

Branches:
Dungeon (15/15)            Temple (1/1) D:5             Orc (4/4) D:12
    Elf (0/3) Orc:4          Lair (8/8) D:11          Swamp (5/5) Lair:6
  Snake (5/5) Lair:3        Slime (0/6) Lair:8       Vaults (5/5) D:13
  Blade (1/1) Vaults:4      Crypt (0/5) Vaults:2        Zot (0/5) Depths:5
 Depths (5/5) D:15

Altars:
Ashenzari
Cheibriados
Dithmenos
Elyvilon
Fedhas
Kikubaaqudgha
Makhleb
Nemelex Xobeh
Okawaru
Sif Muna
Trog
Vehumet
Xom
Yredelemnul
Zin
The Shining One
Beogh

Shops:
D:7 [   D:15 :   Orc:1 (   Orc:2 :   Orc:4 ?:(}   Snake:1 [   Vaults:1 [
Vaults:2 }   Vaults:3 }   Depths:3 *

Portals:
Hell: Depths:1 Depths:2 Depths:3 Depths:4 Depths:5
Abyss: Depths:2 Depths:4 Depths:5
Pandemonium: Depths:1 Depths:3 Depths:5
Ziggurat: Depths:4

Annotations:
Swamp:2 exclusion: Roxanne, Roxanne


Innate Abilities, Weirdness & Mutations

You reflexively headbutt those who attack you in melee.
You have a pair of horns on your head.
You have a slow metabolism.


Message History

You cut the tengu reaver into ribbons!!!
You freeze the tengu reaver.
The tengu reaver is almost dead.
You slice the stone giant zombie!! You freeze the stone giant zombie.
You chop the yaktaur captain into pieces!!!
You freeze the yaktaur captain!
You kill the yaktaur captain!
Okawaru accepts your kill.
You slash the deep elf high priest! You freeze the deep elf high priest!
The deep elf high priest is moderately wounded.
You chop the titan into pieces!!! You freeze the titan.
You kill the titan!
Okawaru accepts your kill.
You hit the quicksilver dragon. You freeze the quicksilver dragon.
The quicksilver dragon is moderately wounded.
The quicksilver dragon bites you.
* * * LOW HITPOINT WARNING * * *
The quicksilver dragon claws you but does no damage.
The runed halberd hits you from afar!
You die...

..#....# .# #.#....# .## .#
##.#..).##..##..#
##..#....#......#
.........ยง.[.#
########).[.oB..###########
...........44).........D.D.
.........e%D4CW...........@
..........)@Oc@(............
........((ZHH@.......@(..(..
#########[(C*(.O.###########
..C.....(.D........
.........#....#....
.......G.#....#.@###
..#####.c#....#..#
#..#....#..# #..#....#.


You could see a bone dragon, a titan, a quicksilver dragon, a vault warden, 2
tengu reavers, 2 yaktaur captains, a boulder beetle, a vault guard, an orc
knight, an ettin, a giant orange brain, a vault sentinel, a deep elf high
priest, 2 hellwings, a freezing wraith, a blue devil, a two-headed ogre, an
ogre, a halberd of pain and a stone giant zombie.

Vanquished Creatures
  Sojobo (Depths:5)
  the Lernaean hydra (Swamp:5)
  Norris (Snake:4)
  5 golden dragons
  2 bone dragons
  Frederick (Vaults:2)
  Nikola (Vaults:1)
  A hellephant (Depths:3)
  Asterion (Snake:3)
  The ghost of Armakuni the Blocker, a mighty HuFi of Okawaru (Vaults:4)
  6 tentacled monstrosities
  Vashnia (Snake:4)
  2 liches
  3 titans
  2 quicksilver dragons
  2 sphinxes
  6 storm dragons
  3 thorn hunters
  Rupert (D:13)
  4 tengu reavers
  4 shadow dragons
  11 fire giants
  4 draconian monks (Depths:5)
  A deep elf sorcerer (Vaults:5)
  9 greater nagas
  8 frost giants
  Wiglaf (Depths:1)
  2 iron dragons
  22 vault wardens
  5 emperor scorpions
  A draconian zealot (Depths:5)
  A spectral weapon (Snake:3)
  Jorgrun (Vaults:1)
  4 draconian annihilators (Depths:5)
  20 stone giants
  3 spriggan defenders
  2 green draconians (Depths:5)
  5 pale draconians (Depths:5)
  3 deep elf annihilators
  2 dire elephants
  A salamander firebrand (Depths:4)
  A white draconian (Depths:5)
  2 red draconians (Depths:5)
  The ghost of Saihtam the Geomancer, a powerful GrEE of Sif Muna (Snake:3)
  A vampire knight (Depths:2)
  10 ettins
  An unborn (Vaults:2)
  3 deep elf death magi
  3 black draconians (Depths:5)
  Snorg (Lair:6)
  3 fire dragons
  4 minotaurs
  3 jiangshi (Depths:2)
  13 ironheart preservers
  32 vault guards
  20 yaktaur captains
  Fannar (Lair:8)
  2 spriggan air magi (Depths:5)
  20 hydras
  Harold (D:11)
  19 naga warriors
  4 great orbs of eyes
  9 deep troll earth magi
  6 ice dragons
  13 anacondas
  22 dancing weapons
  The ghost of Froggeryz the Cleaver, an experienced DDBe of Trog (Lair:3)
  8 rakshasas
  A vampire mage (Depths:2)
  3 deep troll shamans
  8 alligators
  2 spriggan assassins (Depths:5)
  The ghost of profreshinal the Grappler, an experienced TrAr of Nemelex Xobeh (Lair:1)
  7 shock serpents
  A deep dwarf death knight (Vaults:2)
  15 death yaks
  An orc high priest (Orc:4)
  20 naga sharpshooters
  14 ogre magi
  3 tengu warriors
  Urug (Orc:4)
  2 hell hogs (Depths:3)
  16 very ugly things
  11 centaur warriors
  5 spriggan berserkers
  5 deep elf knights
  2 fire crabs (shapeshifter) (D:15)
  6 iron trolls
  A catoblepas (Depths:4)
  A skeletal warrior (D:13)
  3 unseen horrors
  4 shadow wraiths
  3 ice devils (Depths:5)
  4 fire crabs
  20 deep trolls
  8 salamander mystics
  7 hell knights
  Erolcha (D:11)
  2 death drakes (Depths:5)
  An orb spider (shapeshifter) (D:15)
  2 sea snakes (Snake:2)
  4 flayed ghosts
  2 deep elf summoners
  2 giant orange brains
  6 hill giants
  8 naga ritualists
  4 necromancers
  A hellion (Depths:5)
  12 orc knights
  13 swamp dragons
  A harpy (shapeshifter) (Vaults:4)
  4 deep elf conjurers
  Joseph (Orc:4)
  A wolf spider (shapeshifter) (Depths:2)
  14 ironbrand convokers
  23 mana vipers
  A wolf spider (Vaults:3)
  7 harpies
  6 lindwurms
  6 red wasps
  7 griffons
  15 salamanders
  A frost giant zombie (Vaults:4)
  7 cyclopes
  3 red wasps (shapeshifter)
  4 wizards
  7 air elementals
  A frost giant skeleton (Vaults:3)
  2 black mambas (shapeshifter)
  A phantasmal warrior (Vaults:5)
  6 elephants (Lair:7)
  31 black mambas
  Maurice (D:10)
  A human skeleton (Vaults:5)
  22 vault sentinels
  A stone giant skeleton (Vaults:3)
  10 spiny frogs
  An orange demon (Depths:5)
  10 guardian serpents
  41 yaktaurs
  23 naga magi
  2 fire drakes
  A yaktaur (shapeshifter) (Depths:5)
  2 demonic crawlers (Depths:2)
  3 kobold demonologists (D:15)
  A queen bee (D:8)
  2 centaur zombies
  A tengu conjurer (Depths:4)
  4 deep elf priests
  4 trolls
  An elf skeleton (Vaults:5)
  40 two-headed ogres
  2 freezing wraiths
  A centaur skeleton (D:10)
  2 polar bears (D:11)
  A fire drake (shapeshifter) (Vaults:2)
  2 iron devils (Depths:5)
  An iron troll skeleton (Vaults:4)
  16 giant fireflies
  3 wind drakes (Depths:5)
  2 jumping spiders (Depths:2)
  Sonja (D:10)
  11 komodo dragons
  A polar bear (shapeshifter) (D:15)
  51 slime creatures
  2 spriggan druids
  5 giant leeches
  2 blink frogs (shapeshifter) (Depths:1)
  13 ravens
  9 bog bodies
  11 baby alligators
  A boggart (Vaults:3)
  24 blink frogs
  21 spriggans
  A basilisk (D:13)
  4 brown oozes (Lair:8)
  A trapdoor spider (shapeshifter) (Depths:3)
  2 boulder beetles
  13 redbacks
  3 thorn lotuses
  6 grizzly bears (Lair:8)
  9 deep elf magi
  2 redbacks (shapeshifter)
  2 vampires
  A grizzly bear (shapeshifter) (Depths:1)
  A trapdoor spider (D:12)
  An ettin skeleton (Vaults:5)
  A tarantella (shapeshifter) (Vaults:4)
  3 wyverns
  An elephant slug (Lair:4)
  39 yaks
  2 shadows
  A water elemental (D:11)
  16 humans (D:13)
  3 hungry ghosts
  Grum (D:10)
  15 vampire mosquitoes
  2 wraiths
  41 nagas
  49 ugly things
  13 hippogriffs
  12 deep elf fighters
  A hog (shapeshifter) (Depths:1)
  7 porcupines
  23 wolves
  A soldier ant (D:13)
  20 swamp worms
  35 orc warriors
  4 wargs
  A mottled dragon (Vaults:2)
  16 swamp drakes
  36 water moccasins
  8 hell hounds (Depths:3)
  2 yellow wasps
  4 giant goldfish
  5 ice beasts
  5 phantoms
  A black bear (shapeshifter) (Vaults:3)
  4 human zombies
  3 sky beasts
  66 ogres
  34 centaurs
  11 black bears
  A boring beetle (shapeshifter) (Vaults:1)
  A crocodile (shapeshifter) (Vaults:5)
  2 lava worms (Lair:2)
  15 crocodiles
  A big kobold (D:15)
  9 giant slugs
  22 giant frogs
  2 yaktaur skeletons
  9 insubstantial wisps
  A cyclops zombie (D:11)
  An eye of draining (D:10)
  2 scorpions
  20 killer bees
  A boulder beetle zombie (D:14)
  A cyclops skeleton (D:9)
  A hippogriff zombie (D:7)
  3 jellies
  5 electric eels
  4 wights (D:14)
  3 quasits (Depths:5)
  12 crimson imps
  2 giant frog zombies
  3 goliath beetles
  7 big fish
  34 orc priests
  47 orc wizards
  6 iguanas
  2 iron imps (Depths:5)
  8 orange rats
  10 hounds
  8 worker ants
  12 sheep
  An ogre zombie (D:11)
  Ijyb (D:6)
  2 ogre skeletons
  A big kobold skeleton (D:10)
  A hound zombie (D:8)
  2 mummies
  9 gnolls
  113 green rats
  26 adders
  An orc skeleton (D:8)
  3 shadow imps
  2 white imps
  An inept item mimic (D:3)
  An orc simulacrum (D:11)
  5 worms
  4 giant mites
  2 ufetubi
  An adder skeleton (D:6)
  4 giant eyeballs
  An iguana skeleton (D:4)
  11 giant geckos
  4 oozes
  242 orcs
  2 ball pythons
  5 giant cockroaches
  20 goblins
  28 hobgoblins
  25 jackals
  8 quokkas
  39 bats
  3 giant newts
  A giant spore (D:11)
  A goblin skeleton (D:4)
  A hobgoblin skeleton (D:8)
  13 kobolds
  A kobold skeleton (D:8)
  An orc zombie (D:9)
  30 rats
  A rat skeleton (D:7)
  7 ballistomycetes
  4 briar patches
  22 fungi
  10 plants
2541 creatures vanquished.

Vanquished Creatures (others)
  An ogre mage (Depths:1)
  A necromancer (Vaults:5)
  2 ironbrand convokers
  A vault sentinel (Vaults:3)
  A vampire mosquito (Vaults:5)
  An ogre (Vaults:5)
  2 giant spores
  A goblin (D:7)
  A rat (Lair:4)
  2 bushes (Lair:7)
  7 fungi
  16 plants
36 creatures vanquished.

Grand Total: 2577 creatures vanquished

Notes
Turn   | Place    | Note
--------------------------------------------------------------
     0 | D:1      | HungrySpirit, the Minotaur Gladiator, began the quest for the Orb.
     0 | D:1      | Reached XP level 1. HP: 18/18 MP: 1/1
   238 | D:1      | Reached skill level 4 in Axes
   265 | D:1      | Reached skill level 1 in Armour
   267 | D:1      | Reached XP level 2. HP: 25/25 MP: 1/1
   312 | D:1      | Found a sparkling altar of Nemelex Xobeh.
  1020 | D:2      | Reached XP level 3. HP: 30/30 MP: 2/2
  1505 | D:2      | Reached skill level 5 in Axes
  1661 | D:2      | Reached XP level 4. HP: 37/37 MP: 2/2
  2017 | D:3      | Found a radiant altar of Vehumet.
  2082 | D:3      | Found a shadowy altar of Dithmenos.
  2114 | D:3      | Reached XP level 5. HP: 34/42 MP: 2/2
  2250 | D:4      | Paralysed by a giant eyeball for 4 turns
  2301 | D:4      | Reached skill level 6 in Axes
  2378 | D:4      | Found a shimmering altar of Xom.
  2383 | D:4      | Found a snail-covered altar of Cheibriados.
  2388 | D:4      | Found a bloodstained altar of Trog.
  2393 | D:4      | Found a shattered altar of Ashenzari.
  2576 | D:4      | Reached XP level 6. HP: 47/50 MP: 3/3
  2581 | D:4      | Reached skill level 7 in Axes
  2762 | D:4      | Noticed a phantom
  2774 | D:4      | Killed a phantom
  2949 | D:5      | Entered Level 5 of the Dungeon
  2966 | D:5      | Found a shimmering altar of Xom.
  2968 | D:5      | Found a shimmering altar of Xom.
  2968 | D:5      | Found a shimmering altar of Xom.
  2969 | D:5      | Found a shimmering altar of Xom.
  2969 | D:5      | Found a shimmering altar of Xom.
  2969 | D:5      | Found a shimmering altar of Xom.
  2970 | D:5      | Found a shimmering altar of Xom.
  3005 | D:5      | Found a staircase to the Ecumenical Temple.
  3007 | D:5      | Reached skill level 8 in Axes
  3007 | D:5      | Reached skill level 5 in Armour
  3007 | D:5      | Reached XP level 7. HP: 56/56 MP: 3/3
  3046 | Temple   | Entered the Ecumenical Temple
  3077 | Temple   | Became a worshipper of Warmaster Okawaru
  3469 | D:5      | Reached skill level 9 in Axes
  3794 | D:5      | Reached XP level 8. HP: 61/63 MP: 3/3
  3990 | D:5      | Acquired Okawaru's first power
  3990 | D:5      | Reached skill level 10 in Axes
  4162 | D:6      | Found a glowing silver altar of Zin.
  4677 | D:6      | Reached skill level 5 in Fighting
  4677 | D:6      | Reached skill level 11 in Axes
  4823 | D:6      | Noticed Ijyb
  4839 | D:6      | Killed Ijyb
  5370 | D:7      | Found Koidok's Antique Armour Shoppe.
  5602 | D:7      | Reached XP level 9. HP: 35/75 MP: 4/4
  6245 | D:8      | Reached skill level 12 in Axes
  6468 | D:8      | Got a sparkling silver ring
  6773 | D:8      | Reached skill level 13 in Axes
  6775 | D:8      | Identified the ring "Etonk" {Hunger- Int+3 Dam+3} (You found it on level 8 of the Dungeon)
  7222 | D:8      | Reached XP level 10. HP: 51/89 MP: 4/4
  7403 | D:8      | Reached skill level 14 in Axes
  8172 | D:10     | Entered Level 10 of the Dungeon
  8488 | D:10     | Reached skill level 15 in Axes
  8647 | D:10     | Acquired Okawaru's second power
  8825 | D:10     | Noticed Sonja
  8833 | D:10     | Killed Sonja
  9012 | D:10     | Reached skill level 10 in Fighting
  9030 | D:10     | Killed an unseen horror
  9053 | D:10     | Noticed Maurice
  9068 | D:10     | Killed Maurice
  9220 | D:10     | Killed an unseen horror
  9220 | D:10     | Reached skill level 16 in Axes
  9220 | D:10     | Reached XP level 11. HP: 58/101 MP: 4/4
  9624 | D:10     | Noticed Grum
  9638 | D:10     | Killed Grum
  9811 | D:10     | Gained mutation: You have a slow metabolism. [potion of beneficial mutation]
 10364 | D:11     | Noticed Erolcha
 10379 | D:11     | Killed Erolcha
 10379 | D:11     | Received a gift from Okawaru
 10379 | D:11     | Reached skill level 1 in Invocations
 10652 | D:11     | Reached skill level 17 in Axes
 10681 | D:11     | Found a staircase to the Lair.
 10935 | D:11     | Noticed Harold
 10951 | D:11     | Killed Harold
 11621 | D:11     | Noticed a hill giant
 11627 | D:11     | Killed a hill giant
 11646 | D:11     | Reached XP level 12. HP: 78/112 MP: 10/12
 11869 | Lair:1   | Entered Level 1 of the Lair of Beasts
 12128 | Lair:1   | Noticed profreshinal's ghost (experienced TrAr)
 12150 | Lair:1   | Killed profreshinal's ghost
 12328 | Lair:1   | Reached skill level 18 in Axes
 13050 | Lair:2   | Got a pair of transparent boots
 13054 | Lair:2   | Identified the +1 pair of boots of Benevolence {rF+ rC+ Str+2 Int+3} (You found it on level 2 of the Lair of Beasts)
 13385 | Lair:2   | Reached skill level 5 in Invocations
 13455 | Lair:2   | Received a gift from Okawaru
 13997 | Lair:3   | Noticed Froggeryz's ghost (experienced DDBe)
 14010 | Lair:3   | Killed Froggeryz's ghost
 14100 | Lair:3   | Found a staircase to the Snake Pit.
 15119 | Lair:4   | Reached skill level 19 in Axes
 15125 | Lair:4   | Received a gift from Okawaru
 15843 | Lair:5   | Noticed a six-headed hydra
 15860 | Lair:5   | Killed a two-headed hydra
 16019 | Lair:5   | Reached XP level 13. HP: 96/122 MP: 18/18
 16358 | Lair:5   | Noticed a four-headed hydra
 16364 | Lair:5   | Killed a hydra
 16780 | Lair:6   | Noticed Snorg
 16787 | Lair:6   | Killed Snorg
 17084 | Lair:6   | Found a staircase to the Swamp.
 17094 | Lair:6   | Received a gift from Okawaru
 18313 | Lair:7   | Reached skill level 20 in Axes
 18420 | Lair:7   | Found an ancient bone altar of Kikubaaqudgha.
 18637 | Lair:7   | Received a gift from Okawaru
 18651 | Lair:7   | Identified a +1 cloak of preservation (Okawaru gifted it to you on level 7 of the Lair of Beasts)
 19689 | Lair:7   | Reached XP level 14. HP: 133/133 MP: 17/18
 19719 | Lair:7   | Received a gift from Okawaru
 19986 | Lair:8   | Entered Level 8 of the Lair of Beasts
 20109 | Lair:8   | Noticed Fannar
 20119 | Lair:8   | Killed Fannar
 20219 | Lair:8   | Reached skill level 21 in Axes
 20419 | Lair:8   | Reached skill level 10 in Armour
 20562 | Lair:8   | Reached skill level 15 in Fighting
 20571 | Lair:8   | Received a gift from Okawaru
 20806 | Lair:8   | Identified a scroll of acquirement
 21131 | Lair:8   | Found a staircase to the Slime Pits.
 22169 | D:12     | Received a gift from Okawaru
 22171 | D:12     | Found a staircase to the Orcish Mines.
 22470 | Orc:1    | Entered Level 1 of the Orcish Mines
 22830 | Orc:1    | Found a roughly hewn altar of Beogh.
 22889 | Orc:1    | Found Fiujyk's Antique Weapon Shop.
 23354 | Orc:2    | Found a flagged portal.
 23375 | Bailey   | Entered a bailey
 23843 | Orc:2    | Found Maopt's Book Boutique.
 24250 | Orc:3    | Found a glowing golden altar of the Shining One.
 24577 | Orc:4    | Entered Level 4 of the Orcish Mines
 24590 | Orc:4    | Noticed Urug
 24604 | Orc:4    | Killed Urug
 24837 | Orc:4    | Found a roughly hewn altar of Beogh.
 24843 | Orc:4    | Noticed Joseph
 24852 | Orc:4    | Killed Joseph
 25006 | Orc:4    | Found a staircase to the Elven Halls.
 25112 | Orc:4    | Reached skill level 22 in Axes
 25112 | Orc:4    | Reached XP level 15. HP: 126/141 MP: 20/20
 25414 | Orc:4    | Found Psaludi's Gadget Shop.
 25415 | Orc:4    | Found Kyfar's Antique Weapon Emporium.
 25441 | Orc:4    | Found Leaq's Book Emporium.
 25441 | Orc:4    | Found Jiubouk's Magic Scroll Boutique.
 25529 | Orc:2    | Bought a manual of Fighting for 1656 gold pieces
 25863 | D:13     | Received a gift from Okawaru
 25970 | D:13     | Paralysed by a potion of paralysis for 4 turns
 26157 | D:13     | Noticed Rupert
 26161 | D:13     | Paralysed by Rupert for 3 turns
 26189 | D:13     | Killed Rupert
 26242 | D:13     | Found a gate to the Vaults.
 27081 | D:15     | Entered Level 15 of the Dungeon
 27558 | D:15     | Found a blossoming altar of Fedhas.
 27627 | D:15     | Found Hanup's Book Boutique.
 27964 | D:15     | Reached skill level 23 in Axes
 27972 | D:15     | Found a staircase to the Depths.
 27973 | D:15     | Received a gift from Okawaru
 28463 | Snake:1  | Entered Level 1 of the Snake Pit
 28936 | Snake:1  | Found Fekoqayc's Armour Emporium.
 28939 | Snake:1  | Bought the +2 pair of fencer's gloves {EV+3 Dex+3 Acc+8} for 743 gold pieces
 29404 | Snake:2  | Reached XP level 16. HP: 154/157 MP: 20/20
 30880 | Snake:3  | Received a gift from Okawaru
 30892 | Snake:3  | Identified a +0 pair of boots of running (Okawaru gifted it to you on level 3 of the Snake Pit)
 30916 | Snake:3  | Noticed Saihtam's ghost (powerful GrEE)
 31658 | Snake:3  | Killed Saihtam's ghost
 31934 | Snake:3  | Noticed Asterion
 31956 | Snake:3  | Killed Asterion
 32420 | Snake:4  | Reached skill level 24 in Axes
 33317 | Snake:4  | Found a burning altar of Makhleb.
 33317 | Snake:4  | Noticed Norris
 33318 | Snake:4  | Paralysed by Norris for 3 turns
 33404 | Snake:4  | Killed Norris
 33654 | Snake:4  | Noticed Vashnia
 33899 | Snake:4  | Killed Vashnia
 34699 | Snake:5  | Entered Level 5 of the Snake Pit
 34912 | Snake:5  | Reached XP level 17. HP: 128/168 MP: 21/21
 34921 | Snake:5  | Received a gift from Okawaru
 35751 | Snake:5  | Reached skill level 25 in Axes
 35771 | Snake:5  | Received a gift from Okawaru
 35777 | Snake:5  | Got a polished executioner's axe {god gift}
 35780 | Snake:5  | Identified the +0,-1 executioner's axe of Ambiguity {venom, rElec MR+} (Okawaru gifted it to you on level 5 of the Snake Pit)
 37288 | Snake:5  | Reached skill level 15 in Armour
 37396 | Snake:5  | Received a gift from Okawaru
 39545 | Snake:5  | Received a gift from Okawaru
 39677 | Snake:5  | Reached XP level 18. HP: 115/180 MP: 22/22
 40048 | Snake:5  | Got a serpentine rune of Zot
 40473 | Swamp:1  | Entered Level 1 of the Swamp
 40656 | Swamp:1  | Reached skill level 26 in Axes
 40838 | Swamp:1  | Received a gift from Okawaru
 41313 | Swamp:2  | Noticed Roxanne
 43847 | Swamp:5  | Entered Level 5 of the Swamp
 44554 | Swamp:5  | Noticed the 27-headed Lernaean hydra
 44571 | Swamp:5  | Killed the 22-headed Lernaean hydra
 44898 | Swamp:5  | Received a gift from Okawaru
 45089 | Swamp:5  | Got a decaying rune of Zot
 45725 | Vaults:1 | Entered Level 1 of the Vaults
 46000 | Vaults:1 | Found Jaistrair's Armour Shop.
 46044 | Vaults:1 | Reached XP level 19. HP: 174/193 MP: 22/22
 46411 | Vaults:1 | Noticed Jorgrun
 46421 | Vaults:1 | Killed Jorgrun
 46421 | Vaults:1 | Received a gift from Okawaru
 46428 | Vaults:1 | Identified a +0 cloak of preservation (Okawaru gifted it to you on level 1 of the Vaults)
 46506 | Vaults:1 | Noticed Nikola
 46521 | Vaults:1 | Killed Nikola
 47398 | Vaults:2 | Found Crociptu's Gadget Emporium.
 48007 | Vaults:2 | Noticed Frederick
 48016 | Vaults:2 | Killed Frederick
 48032 | Vaults:2 | Found a staircase to the Crypt.
 48044 | Vaults:2 | Received a gift from Okawaru
 49478 | Vaults:3 | Paralysed by a great orb of eyes for 2 turns
 49484 | Vaults:3 | Reached XP level 20. HP: 175/206 MP: 23/23
 49818 | Vaults:3 | Received a gift from Okawaru
 50747 | Vaults:3 | Found Safu's Gadget Emporium.
 50757 | Vaults:3 | Bought a fan of gales for 680 gold pieces
 50757 | Vaults:3 | Bought a lamp of fire for 680 gold pieces
 50857 | Vaults:3 | Received a gift from Okawaru
 50857 | Vaults:3 | Reached skill level 1 in Evocations
 51374 | Vaults:4 | Noticed Armakuni's ghost (mighty HuFi)
 51382 | Vaults:4 | Killed Armakuni's ghost
 51419 | Vaults:4 | Found a staircase to the Hall of Blades.
 51439 | Blade    | Entered the Hall of Blades
 51959 | Vaults:4 | Reached skill level 5 in Evocations
 52535 | Vaults:4 | Got a heavily runed plate armour
 52536 | Vaults:4 | Identified the +1 plate armour of the Shoals {rF++ Acc+3} (You found it on level 4 of the Vaults)
 53069 | Vaults:4 | Received a gift from Okawaru
 53592 | Depths:1 | Entered Level 1 of the Depths
 53592 | Depths:1 | Noticed Wiglaf
 53600 | Depths:1 | Killed Wiglaf
 53666 | Depths:1 | Reached XP level 21. HP: 122/216 MP: 24/24
 53934 | Depths:1 | Found a one-way gate leading to the halls of Pandemonium.
 54367 | Depths:1 | Found a gateway to Hell.
 54526 | Depths:2 | Paralysed by a great orb of eyes for 5 turns
 54960 | Depths:2 | Found a one-way gate to the infinite horrors of the Abyss.
 55661 | Depths:2 | Received a gift from Okawaru
 55691 | Depths:2 | Found a snail-covered altar of Cheibriados.
 55941 | Depths:2 | Identified Vosoni's Guide on the Oath
 56736 | Depths:3 | Found Lypny's General Store.
 56755 | Depths:3 | Bought a scroll of blinking for 165 gold pieces
 57200 | Depths:3 | Received a gift from Okawaru
 57640 | Depths:3 | Paralysed by a giant eyeball for 4 turns
 57679 | Depths:3 | Reached skill level 10 in Evocations
 57695 | Depths:3 | Reached XP level 22. HP: 198/228 MP: 29/29
 58262 | Depths:4 | Paralysed by a giant eyeball for 4 turns
 58287 | Depths:4 | Found a gateway to a ziggurat.
 58429 | Depths:4 | Received a gift from Okawaru
 59806 | Depths:5 | Entered Level 5 of the Depths
 60541 | Depths:5 | Noticed Sojobo
 60559 | Depths:5 | Killed Sojobo
 60559 | Depths:5 | Received a gift from Okawaru
 62007 | Depths:5 | Reached XP level 23. HP: 196/237 MP: 33/33
 62604 | Depths:5 | Found a gate to the Realm of Zot.
 63210 | Vaults:5 | Entered Level 5 of the Vaults
 63241 | Vaults:4 | Received a gift from Okawaru
 64146 | Vaults:4 | Received a gift from Okawaru
 64570 | Vaults:5 | HP: 11/237 [ettin/dire flail (24)]
 65025 | Vaults:4 | Reached skill level 15 in Evocations
 66021 | Vaults:5 | HP: 16/355 [yaktaur captain/long sword of holy wrath (11)]
 66022 | Vaults:5 | HP: 7/355 [quicksilver dragon (2)]
 66022 | Vaults:5 | Slain by a halberd of pain

Action                   |  1- 3 |  4- 6 |  7- 9 | 10-12 | 13-15 | 16-18 | 19-21 | 22-24 || total
-------------------------+-------+-------+-------+-------+-------+-------+-------+-------++-------
Melee: War axe           |   121 |   141 |   333 |   581 |    16 |       |       |       ||  1192
       Battleaxe         |       |       |       |   167 |  1387 |  1050 |       |       ||  2604
       Executioner's axe |       |       |       |       |       |   150 |  1074 |   693 ||  1917
Invok: Heroism           |       |       |     2 |    12 |    10 |    10 |     7 |     9 ||    50
       Finesse           |       |       |       |     2 |     3 |     2 |     2 |     3 ||    12
Evoke: Wand              |       |       |     2 |     7 |     2 |     2 |     3 |       ||    16
  Use: Scroll            |       |       |    15 |    14 |    17 |    18 |     3 |    13 ||    80
       Potion            |       |       |     1 |     2 |     3 |     9 |     1 |    18 ||    34
 Stab: Distracted        |       |       |       |       |       |     1 |     1 |       ||     2
       Invisible         |       |       |       |       |       |       |     3 |       ||     3
